TOP OF THE 1ST |
Long Island Lighthouse batting - Pitching for San Mateo Dirty Reds : RHP Ratko Davidovic
|
Pitching: RHP Ratko Davidovic
|
|
Batting: RHB Eugene Bennett
|
0-0: Ball 1-0: Fly out, F7 (Flyball, 7LD, EV 98.8 MPH)
|
Batting: RHB Mark Toope
|
0-0: Fly out, F9 (Line Drive, 9D, EV 106.2 MPH)
|
Batting: LHB Scott Kerin
|
0-0: Called Strike 0-1: Called Strike 0-2: Ball 1-2: Foul Ball, location: 2F 1-2: Ball 2-2: Foul Ball, location: 2F 2-2: Ball 3-2: Fly out, F9 (Flyball, 9LS, EV 92.5 MPH)
|
Top of the 1st over - 0 runs, 0 hits, 0 errors, 0 left on base; Long Island 0 - San Mateo 0 |
BOTTOM OF THE 1ST |
San Mateo Dirty Reds batting - Pitching for Long Island Lighthouse : RHP Clarence Jones
|
Pitching: RHP Clarence Jones
|
|
Batting: SHB Shiki Sanu
|
0-0: Foul Ball, location: 2F 0-1: Ball 1-1: Ground out U3 (Groundball, 3, EV 81.2 MPH)
|
Batting: RHB Kawenaula Alohalani
|
0-0: Ball 1-0: Called Strike 1-1: Foul Ball, location: 2F 1-2: Ball 2-2: Foul Ball, location: 2F 2-2: Ground out 1-3 (Groundball, 25, EV 75.0 MPH)
|
Batting: LHB Esteban Sifuentes
|
0-0: Called Strike 0-1: Called Strike 0-2: Ball 1-2: Ball 2-2: Foul Ball, location: 2F 2-2: Foul Ball, location: 2F 2-2: Ground out U3 (Groundball, 3, EV 79.4 MPH)
|
Bottom of the 1st over - 0 runs, 0 hits, 0 errors, 0 left on base; Long Island 0 - San Mateo 0 |
TOP OF THE 2ND |
Long Island Lighthouse batting - Pitching for San Mateo Dirty Reds : RHP Ratko Davidovic
|
Batting: RHB Iiri Haapajarvi
|
0-0: Swinging Strike 0-1: Ball 1-1: Called Strike 1-2: Strikes out swinging
|
Batting: RHB Oliver Villalva
|
0-0: Foul Ball, location: 2F 0-1: Called Strike 0-2: Ball 1-2: Ground out 5-3 (Groundball, 56, EV 86.9 MPH)
|
Batting: RHB Quan Easterling
|
0-0: Swinging Strike 0-1: Swinging Strike 0-2: Ball 1-2: Ball 2-2: Foul Ball, location: 2F 2-2: Foul Ball, location: 2F 2-2: Strikes out swinging
|
Top of the 2nd over - 0 runs, 0 hits, 0 errors, 0 left on base; Long Island 0 - San Mateo 0 |
BOTTOM OF THE 2ND |
San Mateo Dirty Reds batting - Pitching for Long Island Lighthouse : RHP Clarence Jones
|
Batting: RHB Javier Sierra
|
0-0: Foul Ball, location: 2F 0-1: Ball 1-1: Reached via error on a dropped throw from 3B, E3 (Groundball, 56S, EV 85.0 MPH)
|
Batting: RHB Dong-young Won
|
0-0: Called Strike 0-1: Ball 1-1: Ball 2-1: Foul Ball, location: 2F 2-2: SINGLE (Line Drive, 78S, EV 95.6 MPH) Javier Sierra to second
|
Batting: LHB Quitério Ruah
|
0-0: Ball 1-0: Fly out, F4 (Line Drive, 4, EV 65.6 MPH)
|
Batting: RHB Juan Reyes
|
0-0: Ball 1-0: Fly out, F9 (Flyball, 9, EV 82.5 MPH)
|
Batting: RHB Ambrose Watkins
|
0-0: Called Strike 0-1: Ball 1-1: Fly out, F8 (Flyball, 8RD, EV 93.8 MPH)
|
Bottom of the 2nd over - 0 runs, 1 hit, 1 error, 2 left on base; Long Island 0 - San Mateo 0 |
TOP OF THE 3RD |
Long Island Lighthouse batting - Pitching for San Mateo Dirty Reds : RHP Ratko Davidovic
|
Batting: RHB Carlos Mendoza
|
0-0: Ground out 6-3 (Groundball, 6, EV 108.1 MPH)
|
Batting: SHB Alvin Peterson
|
0-0: Called Strike 0-1: Swinging Strike 0-2: Ball 1-2: Strikes out swinging
|
Batting: RHB Nathan Pruitt
|
0-0: Swinging Strike 0-1: Foul Ball, location: 2F 0-2: Ball 1-2: Foul Ball, location: 2F 1-2: Foul Ball, location: 2F 1-2: Strikes out swinging
|
Top of the 3rd over - 0 runs, 0 hits, 0 errors, 0 left on base; Long Island 0 - San Mateo 0 |
BOTTOM OF THE 3RD |
San Mateo Dirty Reds batting - Pitching for Long Island Lighthouse : RHP Clarence Jones
|
Batting: LHB Walker Ragland
|
0-0: Called Strike 0-1: Swinging Strike 0-2: Ball 1-2: Strikes out swinging
|
Pitching: RHP Juriaan Roos
|
|
Batting: SHB Shiki Sanu
|
0-0: Called Strike 0-1: Called Strike 0-2: DOUBLE (Flyball, 8LXD, EV 99.4 MPH)
|
Batting: RHB Kawenaula Alohalani
|
0-0: Fly out, F7 (Flyball, 7, EV 87.5 MPH)
|
Batting: LHB Esteban Sifuentes
|
0-0: Ball 1-0: DOUBLE (Line Drive, 9LM, EV 113.1 MPH) Shiki Sanu scores
|
Batting: RHB Javier Sierra
|
0-0: SINGLE (Line Drive, 8RS, EV 107.5 MPH) Esteban Sifuentes to third Runner from 3rd tries for Home, SAFE, throw by CF to home
|
Batting: RHB Dong-young Won
|
0-0: Foul Ball, location: 2F 0-1: Swinging Strike 0-2: Ball 1-2: Ball 2-2: Strikes out looking
|
Bottom of the 3rd over - 2 runs, 3 hits, 0 errors, 1 left on base; Long Island 0 - San Mateo 2 |
TOP OF THE 4TH |
Long Island Lighthouse batting - Pitching for San Mateo Dirty Reds : RHP Ratko Davidovic
|
Batting: RHB Eugene Bennett
|
0-0: Called Strike 0-1: Ball 1-1: Ball 2-1: Ground out 4-3 (Groundball, 4, EV 105.6 MPH)
|
Batting: RHB Mark Toope
|
0-0: Called Strike 0-1: Foul Ball, location: 2F 0-2: Ball 1-2: Foul Ball, location: 2F 1-2: Ball 2-2: Ball 3-2: Fly out, F8 (Flyball, 8RM, EV 86.9 MPH)
|
Batting: LHB Scott Kerin
|
0-0: Ball 1-0: Ball 2-0: Ball 3-0: Base on Balls
|
Batting: RHB Iiri Haapajarvi
|
0-0: Ball 1-0: Called Strike 1-1: Ground out 4-3 (Groundball, 34, EV 103.1 MPH)
|
Top of the 4th over - 0 runs, 0 hits, 0 errors, 1 left on base; Long Island 0 - San Mateo 2 |
BOTTOM OF THE 4TH |
San Mateo Dirty Reds batting - Pitching for Long Island Lighthouse : RHP Juriaan Roos
|
Batting: LHB Quitério Ruah
|
0-0: Called Strike 0-1: Ball 1-1: Foul Ball, location: 2F 1-2: Ball 2-2: Ball 3-2: Fly out, F9 (Line Drive, 9, EV 85.6 MPH)
|
Batting: RHB Juan Reyes
|
0-0: Fly out, F8 (Flyball, 8LXD, EV 95.0 MPH)
|
Batting: RHB Ambrose Watkins
|
0-0: Called Strike 0-1: Ball 1-1: Ground out 1-3 (Groundball, 15S, EV 68.1 MPH)
|
Bottom of the 4th over - 0 runs, 0 hits, 0 errors, 0 left on base; Long Island 0 - San Mateo 2 |
TOP OF THE 5TH |
Long Island Lighthouse batting - Pitching for San Mateo Dirty Reds : RHP Ratko Davidovic
|
Batting: RHB Oliver Villalva
|
0-0: Called Strike 0-1: Ball 1-1: Foul Ball, location: 2F 1-2: Ball 2-2: Strikes out looking
|
Batting: RHB Quan Easterling
|
0-0: Foul Ball, location: 2F 0-1: Ball 1-1: Called Strike 1-2: Ball 2-2: Foul Ball, location: 2F 2-2: Ball 3-2: Strikes out swinging
|
Batting: RHB Carlos Mendoza
|
0-0: Ball 1-0: Called Strike 1-1: Fly out, F9 (Flyball, 9LM, EV 91.9 MPH)
|
Top of the 5th over - 0 runs, 0 hits, 0 errors, 0 left on base; Long Island 0 - San Mateo 2 |
BOTTOM OF THE 5TH |
San Mateo Dirty Reds batting - Pitching for Long Island Lighthouse : RHP Juriaan Roos
|
Batting: LHB Walker Ragland
|
0-0: Foul Ball, location: 2F 0-1: Ball 1-1: Called Strike 1-2: Ball 2-2: Strikes out swinging
|
Batting: SHB Shiki Sanu
|
0-0: Ball 1-0: Ball 2-0: Foul Ball, location: 2F 2-1: Ball 3-1: Foul Ball, location: 2F 3-2: Strikes out looking
|
Batting: RHB Kawenaula Alohalani
|
0-0: Called Strike 0-1: Ball 1-1: SINGLE (Flyball, 8RS, EV 91.9 MPH)
|
Batting: LHB Esteban Sifuentes
|
0-0: Called Strike 0-1: Ball 1-1: SINGLE (Line Drive, 4MD, EV 94.4 MPH) Kawenaula Alohalani to second Runner from 2nd tries for 3rd, OUT! 8-5
|
Bottom of the 5th over - 0 runs, 2 hits, 0 errors, 1 left on base; Long Island 0 - San Mateo 2 |
TOP OF THE 6TH |
Long Island Lighthouse batting - Pitching for San Mateo Dirty Reds : RHP Ratko Davidovic
|
Batting: SHB Alvin Peterson
|
0-0: Bunted foul 0-1: Fly out, F6 (Line Drive, 6, EV 70.0 MPH)
|
Batting: RHB Nathan Pruitt
|
0-0: Called Strike 0-1: Foul Ball, location: 2F 0-2: Ground out 6-3 (Groundball, 6, EV 91.9 MPH)
|
Batting: RHB Eugene Bennett
|
0-0: Ball 1-0: Swinging Strike 1-1: Foul Ball, location: 2F 1-2: Ball 2-2: Strikes out swinging
|
Top of the 6th over - 0 runs, 0 hits, 0 errors, 0 left on base; Long Island 0 - San Mateo 2 |
BOTTOM OF THE 6TH |
San Mateo Dirty Reds batting - Pitching for Long Island Lighthouse : RHP Juriaan Roos
|
Batting: RHB Javier Sierra
|
0-0: Ball 1-0: Ball 2-0: Called Strike 2-1: SINGLE (Groundball, 3L, EV 96.2 MPH)
|
Batting: RHB Dong-young Won
|
0-0: Called Strike 0-1: Ball 1-1: Ball 2-1: Called Strike 2-2: Ball 3-2: Strikes out looking
|
Pitching: RHP Liam Thomson
|
|
Batting: LHB Quitério Ruah
|
0-0: Ball 1-0: Swinging Strike 1-1: Called Strike 1-2: Ground out 4-3 (Groundball, 34D, EV 94.4 MPH) Javier Sierra to second
|
Batting: RHB Juan Reyes
|
0-0: Foul Ball, location: 2F 0-1: Ball 1-1: Swinging Strike 1-2: Ball 2-2: Ball 3-2: Fly out, F4 (Popup, 4, EV 75.6 MPH)
|
Bottom of the 6th over - 0 runs, 1 hit, 0 errors, 1 left on base; Long Island 0 - San Mateo 2 |
TOP OF THE 7TH |
Long Island Lighthouse batting - Pitching for San Mateo Dirty Reds : RHP Ratko Davidovic
|
Batting: RHB Mark Toope
|
0-0: Called Strike 0-1: Fly out, F8 (Flyball, 8LXD, EV 108.8 MPH)
|
Batting: LHB Scott Kerin
|
0-0: Ball 1-0: Ball 2-0: Foul Ball, location: 2F 2-1: Fly out, F7 (Flyball, 78D, EV 98.8 MPH)
|
Batting: RHB Iiri Haapajarvi
|
0-0: Called Strike 0-1: Ball 1-1: Foul Ball, location: 2F 1-2: Foul Ball, location: 2F 1-2: Strikes out swinging
|
Top of the 7th over - 0 runs, 0 hits, 0 errors, 0 left on base; Long Island 0 - San Mateo 2 |
BOTTOM OF THE 7TH |
San Mateo Dirty Reds batting - Pitching for Long Island Lighthouse : RHP Liam Thomson
|
Batting: RHB Ambrose Watkins
|
0-0: Ball 1-0: Ground out 4-3 (Groundball, 4, EV 81.9 MPH)
|
Batting: LHB Walker Ragland
|
0-0: Called Strike 0-1: Swinging Strike 0-2: Ball 1-2: Ball 2-2: Foul Ball, location: 2F 2-2: Foul Ball, location: 2F 2-2: Strikes out swinging
|
Batting: SHB Shiki Sanu
|
0-0: Foul Ball, location: 2F 0-1: Ball 1-1: Ball 2-1: Foul Ball, location: 2F 2-2: Ground out 5-3 (Groundball, 56, EV 85.0 MPH)
|
Bottom of the 7th over - 0 runs, 0 hits, 0 errors, 0 left on base; Long Island 0 - San Mateo 2 |
TOP OF THE 8TH |
Long Island Lighthouse batting - Pitching for San Mateo Dirty Reds : RHP Ratko Davidovic
|
Batting: RHB Oliver Villalva
|
0-0: Ball 1-0: SINGLE (Groundball, 34, EV 110.6 MPH) (infield hit)
|
Batting: RHB Quan Easterling
|
0-0: Called Strike 0-1: Ball 1-1: SINGLE (Line Drive, 5D, EV 96.9 MPH) Oliver Villalva to second
|
Batting: RHB Carlos Mendoza
|
0-0: Hit by Pitch Oliver Villalva to third Quan Easterling to second
|
Batting: SHB Alvin Peterson
|
0-0: Foul Ball, location: 2F 0-1: Foul Ball, location: 2F 0-2: SINGLE (Groundball, 6MD, EV 103.8 MPH) Oliver Villalva scores Quan Easterling to third Carlos Mendoza to second
|
Pitching: RHP Justin Frederick
|
|
Pinch Hitting: RHB Katsuhiko Ishihara
|
0-0: Called Strike 0-1: Swinging Strike 0-2: Foul Ball, location: 2F 0-2: Strikes out swinging
|
Batting: RHB Eugene Bennett
|
0-0: SINGLE (Groundball, 4, EV 86.2 MPH) (infield hit) Quan Easterling scores Carlos Mendoza to third Alvin Peterson to second
|
Batting: RHB Mark Toope
|
0-0: Called Strike 0-1: Ball Wild Pitch! Carlos Mendoza scores Alvin Peterson to third Eugene Bennett to second 1-1: Ball 2-1: Ball 3-1: Base on Balls
|
Batting: LHB Scott Kerin
|
0-0: Called Strike 0-1: Ball 1-1: Called Strike 1-2: Grounds into fielders choice 4-2 (Groundball, 34S, EV 81.9 MPH) Eugene Bennett to third Mark Toope to second
|
Batting: RHB Iiri Haapajarvi
|
0-0: Ball 1-0: Ball 2-0: Called Strike 2-1: Ball 3-1: Foul Ball, location: 2F 3-2: Fly out, F9 (Flyball, 9, EV 89.4 MPH)
|
Top of the 8th over - 3 runs, 4 hits, 0 errors, 3 left on base; Long Island 3 - San Mateo 2 |
BOTTOM OF THE 8TH |
San Mateo Dirty Reds batting - Pitching for Long Island Lighthouse : RHP Liam Thomson
|
Now at 3B: Katsuhiko Ishihara
|
|
Batting: RHB Kawenaula Alohalani
|
0-0: Called Strike 0-1: Ball 1-1: Swinging Strike 1-2: Ball 2-2: Foul Ball, location: 2F 2-2: Ball 3-2: Ground out 2-3 (Groundball, 15S, EV 66.2 MPH)
|
Batting: LHB Esteban Sifuentes
|
0-0: Ground out 4-3 (Groundball, 4, EV 96.9 MPH)
|
Batting: RHB Javier Sierra
|
0-0: Foul Ball, location: 2F 0-1: Ball 1-1: Foul Ball, location: 2F 1-2: Foul Ball, location: 2F 1-2: Ball 2-2: Foul Ball, location: 2F 2-2: SINGLE (Groundball, 56, EV 99.4 MPH) (infield hit)
|
Pitching: RHP Mac Hippenhammer
|
|
Batting: RHB Dong-young Won
|
0-0: Called Strike 0-1: Swinging Strike 0-2: Foul Ball, location: 2F 0-2: Strikes out swinging
|
Bottom of the 8th over - 0 runs, 1 hit, 0 errors, 1 left on base; Long Island 3 - San Mateo 2 |
TOP OF THE 9TH |
Long Island Lighthouse batting - Pitching for San Mateo Dirty Reds : RHP Justin Frederick
|
Batting: RHB Oliver Villalva
|
0-0: Called Strike 0-1: Ball 1-1: Ball 2-1: Called Strike 2-2: Fly out, F9 (Flyball, 89D, EV 104.4 MPH)
|
Batting: RHB Quan Easterling
|
0-0: Swinging Strike 0-1: Called Strike 0-2: Strikes out swinging
|
Batting: RHB Carlos Mendoza
|
0-0: Ball 1-0: Ground out 6-3 (Groundball, 6, EV 108.1 MPH)
|
Top of the 9th over - 0 runs, 0 hits, 0 errors, 0 left on base; Long Island 3 - San Mateo 2 |
BOTTOM OF THE 9TH |
San Mateo Dirty Reds batting - Pitching for Long Island Lighthouse : RHP Mac Hippenhammer
|
Pitching: RHP Carlos Rodríguez
|
|
Batting: LHB Quitério Ruah
|
0-0: Ball 1-0: Ground out 4-3 (Groundball, 4, EV 78.1 MPH)
|
Batting: RHB Juan Reyes
|
0-0: Called Strike 0-1: Swinging Strike 0-2: Ball 1-2: Ground out 6-3 (Groundball, 6, EV 109.4 MPH)
|
Batting: RHB Ambrose Watkins
|
0-0: Swinging Strike 0-1: Swinging Strike 0-2: Strikes out swinging
|
Bottom of the 9th over - 0 runs, 0 hits, 0 errors, 0 left on base; Long Island 3 - San Mateo 2 |
|